Cogmind - Beta 14 --- EXPLORER MODE // 2024.08.17 @ 19:26:42 Player: Philken Result: Destroyed by Y-45 Defender with Beam Rifle Performance ------------- Evolutions (1) 500 Regions Visited (3) 600 Robots Destroyed (65) 325 Value Destroyed (1463) 1463 Prototype IDs (4) 80 Alien Tech Used (0) 0 Bonus (0) 0 TOTAL SCORE: 2968 Bonus ------- None Cogmind --------- Core Integrity 0/400 Matter 300/300 Energy 290/290 System Corruption 0% Temperature Cool (22) Movement Walking (260) Ox2 Location -9/Storage Parts ------- > --- POWER (2) -------- Light Ion Engine Reinforced Ion Engine > --- PROPULSION (2) --- Aluminum Leg Aluminum Leg > --- UTILITY (4) ------ Heat Sink Cooling System Large Storage Unit Utility Shielding > --- WEAPON (2) ------- Small Laser Heavy Particle Cannon > --- INVENTORY (15) --- Ion Engine Ion Engine Light Ion Engine Aluminum Leg Aluminum Leg Aluminum Leg Medium Storage Unit Terrain Scanner Power Shielding Insulated Plating Insulated Plating EM Pulse Gun Heavy Particle Cannon Peak State ------------ > --- POWER ------------ Improved Ion Engine Reinforced Ion Engine > --- PROPULSION ------- Aluminum Leg Aluminum Leg > --- UTILITY ---------- Large Storage Unit High-capacity Battery Power Shielding Insulated Plating > --- WEAPON ----------- Heavy Particle Cannon Heavy Assault Rifle > --- INVENTORY -------- Ion Engine Ion Engine Light Ion Engine Aluminum Leg Cooling System Medium Storage Unit Terrain Scanner Power Shielding Utility Shielding Insulated Plating Insulated Plating EM Pulse Gun Heavy Particle Cannon Shotgun [Rating: 19] Favorites ----------- Power Reinforced Ion Engine Engine Reinforced Ion Engine Propulsion Aluminum Leg Leg Aluminum Leg Utility Power Shielding Device Heat Sink Storage High-capacity Battery Processor Targeting Computer Protection Power Shielding Weapon Small Laser Energy Gun Small Laser Energy Cannon Heavy Particle Cannon Ballistic Gun Shotgun Launcher Grenade Launcher Build | -11 -10 -9 -9 ------- Run | Yrd Mat Mat Sto Slots Evolved 3 | . 1 2 . Power 1 | . . 1 . Propulsion . | . . . . Utility 2 | . 1 1 . Weapon . | . . . . Parts Attached 59 | 7 20 18 14 Power 11 | 1 4 5 1 Engine 11 | 1 4 5 1 Core . | . . . . Reactor . | . . . . Propulsion 17 | 2 8 3 4 Treads . | . . . . Leg 17 | 2 8 3 4 Wheel . | . . . . Hover . | . . . . Flight . | . . . . Utility 14 | 2 2 4 6 Device 3 | . . 1 2 Storage 4 | 1 1 1 1 Processor 1 | . 1 . . Hackware . | . . . . Protection 6 | 1 . 2 3 Artifact . | . . . . Weapon 17 | 2 6 6 3 Energy Gun 11 | 2 5 2 2 Energy Cannon 1 | . . 1 . Ballistic Gun 3 | . . 2 1 Ballistic Cannon . | . . . . Launcher 2 | . 1 1 . Special Weapon . | . . . . Impact Weapon . | . . . . Slashing Weapon . | . . . . Piercing Weapon . | . . . . Special Melee Weapon . | . . . . Unidentified Prototypes 2 | . . 1 1 Parts Lost 9 | . 1 6 2 Power . | . . . . Propulsion 2 | . . 2 . Utility 2 | . . 1 1 Weapon 5 | . 1 3 1 Highest Loss Streak 3 | . 1 3 2 To Critical Strikes . | . . . . Average Slot Usage (%) 97 | . 98 95 97 Engine 16 | . 11 18 19 Leg 21 | . 24 18 20 Device 4 | . . 4 9 Storage 19 | . 20 20 15 Processor 1 | . 3 . . Protection 13 | . 12 14 14 Energy Gun 11 | . 18 8 4 Energy Cannon 3 | . . 1 10 Ballistic Gun 3 | . . 5 4 Launcher 3 | . 6 4 . Peak Build Rating 19 | 7 9 19 19 Average Rating 12 | 5 8 14 16 On Entrance 8 | . 7 8 19 Naked Turns . | . . . . Heaviest Build 57 | 16 25 57 57 Greatest Support 20 | 20 20 20 20 Greatest Overweight (x) 17 | 3 3 15 17 Average Overweight (x) 1 | . . 1 2 Largest Inventory Capacity 15 | 10 10 15 15 Average Capacity 12 | 9 10 13 15 Most Carried 15 | 2 10 15 15 Average Carried 9 | 1 7 10 13 Final Capacity 15 | 10 10 15 15 Final Carried 15 | 2 7 15 13 Class Distribution -------------------- 78% | Hacker-Mutant 21% | Scavenger-Mutant Dominant Class ---------------- Hacker-Mutant | -10/Materials Hacker-Mutant | -9/Materials Scavenger-Mutant | -9/Storage Resources | -11 -10 -9 -9 ----------- Run | Yrd Mat Mat Sto Matter Collected 1471 | 170 378 558 365 Remotely . | . . . . Salvage Created 1742 | . 416 852 474 Parts 128 | . 42 65 21 Haulers Intercepted 3 | . . 3 . Recyclers Shooed 2 | . 1 . 1 Parts Field Recycled . | . . . . Retrieved Matter . | . . . . Parts Self-Destructed . | . . . . Prevented . | . . . . Kills | -11 -10 -9 -9 ------- Run | Yrd Mat Mat Sto Combat Hostiles Destroyed 36 | . 9 18 9 Guns 15 | . 4 10 1 Cannons 7 | . . 2 5 AOE 12 | . 5 6 1 Classes Destroyed 10 | . 6 4 . Worker 4 | . 1 3 . Builder 8 | . 5 3 . Hauler 3 | . . 3 . Recycler 4 | . 1 2 1 Operator 2 | . . 2 . Watcher 8 | . 3 4 1 Swarmer 7 | . 2 5 . Grunt 20 | . 7 7 6 Brawler 2 | . . 2 . Sentry 7 | . . 4 3 Best Kill Streak 14 | . 5 14 4 Combat Bots Only 6 | . 2 6 4 Max Kills in Single Turn 3 | . 2 3 1 Gunslinging . | . . . . Exploded 2 | . 2 1 1 Melee . | . . . . Uniques/NPCs Destroyed . | . . . . Combat | -11 -10 -9 -9 -------- Run | Yrd Mat Mat Sto Hostile Shots Fired 272 | . 34 145 93 Missed 66 | . 8 37 21 Damage Taken 2202 | . 392 975 835 Core 531 | . 131 163 237 Absorbed by Shields 11 | . . . 11 Redirected to Shielding 54 | . 6 35 13 Ignored by Resistances 1284 | . 239 605 440 Regen/Repaired (Parts) 356 | . 20 110 226 Core Remaining (%) 73 | 100 47 . . Volleys Fired 135 | . 28 72 35 Largest 2 | . 2 2 2 Hottest 115 | . 80 98 115 Shots Fired 230 | . 55 126 49 Gun 164 | . 44 94 26 Cannon 29 | . . 6 23 Launcher 37 | . 11 26 . Special . | . . . . Kinetic 62 | . . 43 19 Thermal 91 | . 25 36 30 Explosive 37 | . 11 26 . Electromagnetic 40 | . 19 21 . Robot Hit Streak 25 | . 21 25 25 Robot Miss Streak 3 | . 1 2 3 Penetration Max . | . . . . Secondary Targets 1 | . . 1 . Max Gunslinging Chain 1 | . . 1 . Shots Hit Robots 179 | . 45 97 37 Core Hits 101 | . 28 56 17 Critical Kills 2 | . . . 2 Critical Parts Destroyed . | . . . . Critical Strikes 3 | . . 1 2 Meltdown 2 | . . . 2 Corrupt 1 | . . 1 . Melee Attacks . | . . . . Impact . | . . . . Slashing . | . . . . Piercing . | . . . . Sneak Attacks . | . . . . Combat Hostiles . | . . . . Follow-up Attacks . | . . . . Damage Inflicted 4719 | . 1244 2689 786 Guns 1955 | . 423 1210 322 Cannons 600 | . . 150 450 Explosions 2145 | . 821 1324 . Melee . | . . . . Ramming 19 | . . 5 14 Kinetic 901 | . . 624 277 Thermal 1378 | . 266 617 495 Explosive 1987 | . 740 1247 . Electromagnetic 434 | . 238 196 . Impact . | . . . . Slashing . | . . . . Piercing . | . . . . Highest Corruption . | . . . . Average Corruption . | . . . . Corruption Purged . | . . . . Corruption Blocked . | . . . . Overload Shots . | . . . . Overflow Damage 84 | . 46 26 12 Projectiles 12 | . . . 12 Explosions 72 | . 46 26 . Melee . | . . . . Knockbacks . | . . . . Impact . | . . . . Kinetic . | . . . . Secondary . | . . . . Self-Inflicted Damage 270 | . 190 80 . Shots 10 | . 5 5 . Rammed . | . . . . Targets Rammed 3 | . . 1 2 Kicked 3 | . . 1 2 Crushed . | . . . . Highest Temperature 621 | . 159 498 621 Average Temperature 165 | . 40 133 250 Received Heat Transfer 1044 | . 165 426 453 Effects 35 | . . 10 25 Shutdowns 12 | . . 6 6 Energy Bleed 2 | . . . 2 Interference 5 | . . 1 4 Matter Decay 4 | . . 1 3 Short Circuit 1 | . . . 1 Damage (minor) 1 | . . . 1 Damage (major) 8 | . . 2 6 Damage (core) 2 | . . . 2 Siege Activations . | . . . . Robots Corrupted . | . . . . Combat Hostiles . | . . . . Parts Fried 1 | . . 1 . Impact Corruptions . | . . . . Robots Melted 2 | . . . 2 Combat Hostiles 2 | . . . 2 Parts Melted 4 | . 1 2 1 Heat Transferred 2501 | . 525 1210 766 Parts Sabotaged . | . . . . Parts Stolen . | . . . . Parts Stripped . | . . . . Power Chain Reactions 3 | . 1 2 . Alert | -11 -10 -9 -9 ------- Run | Yrd Mat Mat Sto Peak Influence 378 | . 283 378 174 Initial 85 | . . 85 56 Average 107 | . 72 187 72 Maximum Alert Level 1 | . 1 1 . Low Security (%) 81 | 100 89 57 100 Level 1 18 | . 10 42 . Level 2 . | . . . . Level 3 . | . . . . Level 4 . | . . . . Level 5 . | . . . . High Security . | . . . . Max Security . | . . . . Squads Dispatched 8 | . 1 2 5 Investigation 2 | . 1 . 1 Extermination . | . . . . Reinforcement 3 | . . 2 1 Assault . | . . . . Garrison 3 | . . . 3 Intercept . | . . . . Searches Triggered . | . . . . Construction Impeded 1 | . . . 1 Haulers Reinforced . | . . . . Active Scanning Responses . | . . . . Cargo Convoy Interrupts . | . . . . Stealth | -11 -10 -9 -9 --------- Run | Yrd Mat Mat Sto Distress Signals 5 | . . 4 1 Communications Jammed . | . . . . Distress Signals . | . . . . Times Spotted 57 | . 15 28 14 Peak Tracking Total 5 | . 3 5 3 Tactical Retreats 1 | . . . 1 Traps | -11 -10 -9 -9 ------- Run | Yrd Mat Mat Sto Traps Triggered 6 | . 5 . 1 Indirectly . | . . . . Trap Hack Attempts . | . . . . Triggered . | . . . . Disarmed 4 | . 4 . . Reprogrammed . | . . . . Reused . | . . . . Traps Extracted . | . . . . Installed . | . . . . Triggered . | . . . . Machines | -11 -10 -9 -9 ---------- Run | Yrd Mat Mat Sto Machines Disabled 4 | . 3 1 . Max in Single Turn 2 | . 2 1 . Machines Repaired . | . . . . Machines Dismantled . | . . . . Machines Sabotaged . | . . . . Overloaded Fab Kills . | . . . . Hacking | -11 -10 -9 -9 --------- Run | Yrd Mat Mat Sto Machines Accessed 17 | . 10 4 3 Terminals 10 | . 7 2 1 Fabricators . | . . . . Repair Stations 3 | . 1 1 1 Recycling Units 2 | . 2 . . Scanalyzers 1 | . . 1 . Garrison Access 1 | . . . 1 Total Hacks 45 | . 23 11 11 Successful 34 | . 15 10 9 Failed 11 | . 8 1 2 Catastrophic . | . . . . Database Lockouts . | . . . . Manual . | . . . . Terminals 26 | . 18 4 4 Fabricators . | . . . . Repair Stations 13 | . 2 5 6 Recycling Units 3 | . 3 . . Scanalyzers 2 | . . 2 . Garrison Access 1 | . . . 1 Terminal Hacks 16 | . 11 3 2 Record 1 | . 1 . . Prototype ID Bank 1 | . 1 . . Emergency Access Points 2 | . . 1 1 Unreport Threat 1 | . . . 1 Locate Traps 2 | . 2 . . Disarm Traps 1 | . 1 . . Dispatch Records 2 | . 1 1 . Security Status 1 | . . 1 . Recall Reinforcements 1 | . 1 . . Hauler Manifests 2 | . 2 . . Registered Prototypes 1 | . 1 . . Zone Layout 1 | . 1 . . Fabricator Hacks . | . . . . Repair Station Hacks 13 | . 2 5 6 Scan Component 7 | . 1 3 3 Repair 6 | . 1 2 3 Recycling Unit Hacks 2 | . 2 . . Retrieve Components 2 | . 2 . . Scanalyzer 2 | . . 2 . Insert Component 1 | . . 1 . Analyze 1 | . . 1 . Garrison Access Hacks 1 | . . . 1 Unlock Access 1 | . . . 1 Unauthorized Hacks . | . . . . Terminals . | . . . . Fabricators . | . . . . Repair Stations . | . . . . Recycling Units . | . . . . Scanalyzers . | . . . . Garrison Access . | . . . . Data Cores Recovered 1 | . . 1 . Used . | . . . . Hacking Detections 12 | . 7 2 3 Full Trace Events 5 | . 2 1 2 Feedback Events . | . . . . Feedback Blocked . | . . . . Robot Schematics Acquired . | . . . . Robots Built . | . . . . Authchips . | . . . . Time . | . . . . Total Robot Build Rating . | . . . . Part Schematics Acquired 1 | . . 1 . Parts Built . | . . . . Authchips . | . . . . Time . | . . . . Total Part Build Rating . | . . . . Parts Repaired 6 | . 1 2 3 Time 174 | . 26 52 96 Parts Recycled . | . . . . Recycled Matter . | . . . . Retrieved Matter . | . . . . Retrieved Components 14 | . 14 . . Parts Scanalyzed 1 | . . 1 . Part Schematics Acquired 1 | . . 1 . Parts Damaged . | . . . . Bothacking | -11 -10 -9 -9 ------------ Run | Yrd Mat Mat Sto Used RIF Installer . | . . . . Robots Hacked . | . . . . Non-combat . | . . . . Combat . | . . . . Robot Hacks Applied . | . . . . Relay Couplers Released . | . . . . Fabnet Peak Effective % . | . . . . Robots Rewired . | . . . . Allies Hacked . | . . . . Hacks Repelled . | . . . . Allies | -11 -10 -9 -9 -------- Run | Yrd Mat Mat Sto Total Allies . | . . . . Largest Group . | . . . . Highest-Rated Group . | . . . . Highest-Rated Ally . | . . . . Total Orders . | . . . . Ally Attacks . | . . . . Total Damage . | . . . . Kills . | . . . . Allies Corrupted . | . . . . Allies Melted . | . . . . Intel | -11 -10 -9 -9 ------- Run | Yrd Mat Mat Sto Robot Analysis Total . | . . . . Derelict Logs Recovered . | . . . . Drone Launches . | . . . . Drone Recoveries . | . . . . Exploration | -11 -10 -9 -9 ------------- Run | Yrd Mat Mat Sto Turns Passed 2943 | 84 1139 962 758 Spaces Moved 1238 | 59 630 308 241 Core 18 | 10 3 4 1 Treads . | . . . . Legs 1220 | 49 627 304 240 Wheels . | . . . . Hover . | . . . . Flight . | . . . . Fastest Speed 50 | 50 120 190 260 Average Speed 197 | 123 160 235 264 Slowest Speed 900 | 200 200 800 900 Overloaded Moves . | . . . . Propulsion Burnouts . | . . . . Robots Hopped . | . . . . Cave-ins Triggered . | . . . . Exploration Rate (%) 39 | 5 77 42 34 Regions Visited 3 Branch Regions 1 Pre-discovered Areas . | . . . . Known Exits Taken 3 | 1 1 1 . Unknown Exits Taken . | . . . . Scrap Searched . | . . . . Spaces Dug . | . . . . Terrain Destroyed 243 | . 105 134 4 Melee . | . . . . Projectile 4 | . . . 4 AOE 239 | . 105 134 . Terrain Rammed . | . . . . Walls Destroyed . | . . . . Machines Disabled . | . . . . Actions | -11 -10 -9 -9 --------- Run | Yrd Mat Mat Sto Total 1484 | 67 697 411 309 Wait 2 | . . 2 . Move 1235 | 58 629 307 241 Hop . | . . . . Pick Up 27 | 2 12 9 4 Fast Attach 26 | 7 10 5 4 Attach 15 | . 4 6 5 Detach . | . . . . Swap 18 | . 6 7 5 Drop 18 | . 8 2 8 Fire 135 | . 28 72 35 Melee . | . . . . Ram . | . . . . Kick 3 | . . 1 2 Crush . | . . . . Escape Stasis 5 | . . . 5 Rewire . | . . . . Trap . | . . . . Miscellaneous . | . . . . Route ------- -11/Scrapyard -10/Materials (discovered 3 exits: *Mat / *Min x2) -9/Materials -9/Storage (discovered 1 exit: Gar) History --------- Turn | Location | Event 24 | -11/Scrapyard | Identified exit to Materials 24 | -11/Scrapyard | Discovered exit to Materials (range 14) 85 | -11/Scrapyard | Entered Materials 85 | -10/Materials | Evolved 1 slot: Utility x1 100 | -10/Materials | Identified exit to Mines 100 | -10/Materials | Discovered exit to Mines (range 16) 291 | -10/Materials | Repaired Ion Engine 315 | -10/Materials | Build established: Hacker-Mutant 546 | -10/Materials | Discovered exit to Mines (range 5) 1048 | -10/Materials | Core integrity fell below 50% 1077 | -10/Materials | Identified exit to Materials 1077 | -10/Materials | Discovered exit to Materials (range 15) 1224 | -10/Materials | Entered another Materials area 1224 | -9/Materials | Evolved 2 slots: Power x1, Utility x1 1272 | -9/Materials | Repaired Grenade Launcher 1304 | -9/Materials | Repaired Aluminum Leg 1710 | -9/Materials | Lost 3 parts (1u2w) 1975 | -9/Materials | Identified exit to Storage 1975 | -9/Materials | Discovered exit to Storage (range 14) 2186 | -9/Materials | Entered Storage 2192 | -9/Storage | Identified exit to Garrison 2249 | -9/Storage | Repaired Hcp. Battery 2293 | -9/Storage | Repaired Shotgun 2337 | -9/Storage | Repaired Insulated Plating 2393 | -9/Storage | Garrison activated, responded to threat 2472 | -9/Storage | Core integrity fell below 50% 2579 | -9/Storage | Core integrity fell below 20% 2846 | -9/Storage | Build established: Scavenger-Mutant 2944 | -9/Storage | Destroyed by Y-45 Defender with Beam Rifle Last Messages --------------- 02704_ W-16 Scout distress signal alerts nearby ally. 02718_ K-01 Serf cleans the Transfer Shaft. 02721_ Critical hit (Burn: +37). 02721_ W-16 Scout destroyed. 02722_ K-01 Serf cleans the Transfer Shaft. 02729_ Dropped Rnf. Ion Engine. 02730_ Acquired Lgt. Ion Engine. 02731_ Y-45 Defender destroyed. 02810_ U-05 Engineer builds a Wall. 02831_ Acquired 10 matter. Hold RMB on a map location to designate it as a relative view centerpoint. This is especially useful while zoomed, in order to see further in your current direction of exploration. Try it now. 02860_ K-01 Serf collects debris. 02890_ K-01 Serf cleans the Transfer Shaft. 02925_ Kicked K-01 Serf. 02933_ Kicked A-02 Transporter out of the way. 02938_ Critical hit (Burn: +37). 02940_ Destroyed Structural Scanner. Map ----- +----------------------------------------------------+ | #^^ ###########????????????????????????????? | | ####### #??????????????????????????????????????? | | # #??????????????????????????????????????? | | + #??????????????????????????????????????? | | # #??????????????????????????????????????? | | % # #??????????????????????????????????????? | | + #??????????????????????????????????????? | | # #??????????????????????????????????????? | | "T""### #??????????????????????????????????????? | | """"### #??????????????????????????????????????? | | #####?# #??????????????###?????????????????????? | | ??????# #?????????????? #???????????????????? | | ??????# #?????????????? ????????????????????? | | ??????+ #?????????????? Y ????????????????????? | | ??????# #?????????????? k????????????????????? | | ??????# #?????????????? ????????????????????? | | ??????# #?????????????? #????????????????????? | | ??????# #?????????????# #????????????????????? | | ####### ###########???# u#????????????????????? | | # # #???# #????????????????????? | | # # #???# #????????????????????? | | """"" #% # """ """ #???# #????????????????????? | | ????" # # """ """ #???# ^ #####????????????????? | | ????" + + """ """ #???# r ?????????????????? | | """"" # # ##### #????????????????????? | | # + %+ % @ #????????????????????? | | # # ! ######+##????????????????????? | | + ###########????? ????????????????????? | | ########/#####?????????????"""???????????????????? | | ???# % #?????????????""" ??????????????????? | | ???# #??????????????"" #?????????????????? | | ???# """ """ #?????????????? #?????????????????? | | ???# """ """ #???????????????"?#?????????????????? | | ???# """ """ #???????????????????????????????????? | | ???# #???????????????????????????????????? | | ???# #???????????????????????????????????? | | ???# #???????????????????????????????????? | | ???###### ####???????????????????????????????????? | | ?????????##??????????????????????????????????????? | | ?????????????????????????????????????????????????? | | ?????????????????????????????????????????????????? | | ?????????????????????????????????????????????????? | | | | | | | | | | | | | | | | | +----------------------------------------------------+ Best States ------------- Heat Dissipation 50 Energy Generation 19 Energy Capacity 680 Matter Stores 300 Matter Capacity 300 Sight Range 16 Terrain Scan Density 10 Armor Coverage 150 Resistance: KI 35 Resistance: TH 35 Resistance: EX 35 Resistance: EM 50 Resistance: I 35 Resistance: S 35 Resistance: P 35 Power Shielding 33 Utility Shielding 33 Evasion (%) 55 Targeting Accuracy 5 Offensive Hacking 20 Item Schematics ----------------- Particle Gun | -9/Materials | Scanalyzed Robot Schematics ------------------ None Fabricated ------------ Nothing Alien Tech Used ----------------- None Achievements -------------- None Challenges ------------ None Game ------ Seed SpectralRelayFirepult Manual? 0 Play Time 00:33:57 Cumulative 2.2 hours Start 2024.08.16 @ 23:30:04 End 2024.08.17 @ 19:26:42 Sessions 3 Manual Loads 0 Difficulty Explorer Special Mode None Game No. 4 Rogue 0 Adventurer 0 Explorer 4 Win Type - Total 0 Types 0/0/0/0/0/0/0/0/0 Lore% 1 Gallery% 7 Achievement% 9 Wizard Run 0 Options --------- Layout 1 ASCII 0 Keyboard 0 Movement Mouse Keybinds 0 Fullscreen 1 Font 16/SmallcapsGlow Map View 27x19 Zoom Use 99% Tactical HUD 1 Map Filters NONE Filters NONE Steam 1 RUN: b4834256-e1c4-4c72-891f-1777fa46051e